Map: Persephone LE

Players

Clem - Winner!

  • Race: Protoss Protoss
  • Spawn Location: 11:00

ByuN

  • Race: Terran Terran
  • Spawn Location: 7:00

Event: Esports World Cup 2025

VOD

Have the link to the VOD?

Description

Time

  • Played on: July 22, 2025, 10:03 a.m.
  • Length: 9:07

All games in this series

Show
View Real Time Build Order
Export as new Build Order

Clem Protoss - Winner!

Build Orders: 1 Gate Expand, Blink Stalkers 

Get SALT Encoding   

  12  0:00  Probe  
  13  0:12  Probe  
  14  0:17  Pylon  
  14  0:23  Probe  
  15  0:31  Probe  
  16  0:35  Gateway  
  16  0:39  Probe  
  16  0:46  Assimilator  
  17  0:50  Probe  
  18  1:03  Probe  
  19  1:15  Probe  
  20  1:22  Cybernetics Core  
  20  1:24  Zealot  
  22  1:38  Nexus  
  22  1:43  Pylon  
  22  1:47  Probe  
  23  1:49  Stalker  
  23  1:52  Assimilator  
  25  2:11  Probe  
  25  2:12  Shield Battery  
  25  2:14  Stalker  
  27  2:25  Probe  
  28  2:30  Warp Gate  
  28  2:32  Stalker  
  28  2:37  Probe  
  29  2:50  Probe x2  
  33  3:01  Twilight Council  
  33  3:02  Probe x2, Stalker  
  37  3:14  Probe  
  37  3:15  Probe  
  37  3:17  Blink  
  39  3:24  Stalker  
  39  3:26  Probe  
  40  3:28  Probe  
  41  3:38  Probe  
  41  3:40  Probe  
  43  3:43  Shield Battery  
  43  3:50  Probe  
  43  3:52  Pylon, Probe  
  45  4:02  Gateway, Probe  
  46  4:10  Probe  
  46  4:15  Probe  
  46  4:16  Robotics Facility  
  48  4:22  Probe, Stalker  
  51  4:27  Probe  
  52  4:34  Probe  
  52  4:36  Pylon  
  51  4:39  Probe  
  51  4:41  Assimilator  
  51  4:43  Gateway  
  52  4:46  Probe  
  52  4:50  Assimilator  
  52  4:52  Probe  
  54  4:53  Pylon  
  54  4:55  Stalker  
  54  4:59  Probe  
  57  5:03  Observer, Stalker  
  57  5:05  Pylon, Probe  
  61  5:11  Probe  
  62  5:17  Charge  
  62  5:18  Gateway, Pylon  
  62  5:21  Observer, Probe  
  62  5:23  Probe  
  65  5:32  Stalker x2  
  69  5:36  Pylon  
  69  5:38  Stalker  
  71  5:54  Templar Archives  
  71  5:58  Nexus  
  71  6:03  Probe  
  72  6:05  Probe  
  73  6:11  Gateway  
  73  6:13  Gateway  
  73  6:17  Gateway, Probe  
  74  6:18  Probe  
  74  6:29  Psionic Storm, Probe  
  74  6:30  Probe  
  74  6:32  High Templar  
  78  6:40  Pylon, High Templar  
  78  6:41  Probe  
  78  6:45  Gateway  
  78  6:46  Gateway  
  81  6:47  Probe  
  81  6:54  Probe  
  83  6:57  Pylon  
  83  6:59  High Templar  
  82  7:02  Probe  
  82  7:06  Probe  
  82  7:07  Observer, Probe, High Templar, Warp Prism  
  85  7:13  Pylon  
  85  7:14  Probe  
  87  7:17  Forge, Probe  
  87  7:18  Probe  
  91  7:26  Probe  
  91  7:29  Probe, High Templar  
  93  7:31  Pylon  
  93  7:34  Shield Battery, High Templar  
  93  7:35  Zealot x2  
  100  7:38  Zealot  
  100  7:40  Zealot  
  100  7:43  Zealot  
  106  7:55  Stalker x4  
  112  8:07  Zealot x5  
  112  8:08  Probe  
  123  8:13  Pylon, Probe  
  124  8:22  Zealot x3  
  124  8:23  High Templar  
  124  8:25  Pylon  
  132  8:33  Zealot x4  
  140  8:34  Zealot  
  140  8:40  Pylon  
  143  8:41  Probe  
  143  8:42  Probe  
  143  8:43  Probe  
  131  8:53  Probe  
  131  8:54  Probe, Stalker x3  
  130  8:59  Zealot x2  
Show
View Real Time Build Order
Export as new Build Order

ByuN Terran 

Build Orders:  

Get SALT Encoding   

  12  0:00  SCV  
  13  0:12  SCV  
  14  0:17  Supply Depot  
  14  0:24  SCV  
  15  0:38  SCV  
  15  0:42  Barracks  
  16  0:46  Refinery  
  16  0:51  SCV  
  17  0:59  Barracks  
  17  1:04  SCV  
  18  1:16  SCV  
  19  1:29  Orbital Command, Reaper  
  20  1:47  Reaper  
  20  1:50  Supply Depot  
  21  1:54  SCV  
  22  2:07  SCV  
  23  2:20  Reaper  
  24  2:24  SCV  
  24  2:26  Refinery  
  24  2:27  Command Center  
  25  2:36  SCV  
  26  2:43  Factory  
  26  2:44  Bunker  
  26  2:48  SCV  
  27  2:52  Marine  
  28  3:00  SCV  
  29  3:11  Barracks Reactor  
  30  3:12  SCV  
  30  3:17  Barracks Tech Lab  
  30  3:25  SCV  
  29  3:30  Factory Tech Lab  
  29  3:41  Command Center  
  29  3:48  Cyclone  
  29  3:50  Barracks Tech Lab  
  29  3:54  Supply Depot  
  31  4:10  Stimpack  
  31  4:15  Marine x3  
  31  4:16  Command Center, SCV  
  35  4:20  Siege Tank  
  38  4:28  SCV  
  39  4:37  Supply Depot  
  39  4:53  Marine x3, Siege Tank, SCV  
  46  5:00  Engineering Bay  
  46  5:05  SCV  
  47  5:10  Marine x3  
  50  5:17  SCV  
  50  5:20  Orbital Command  
  51  5:28  Orbital Command, Marine, Terran Infantry Weapons Level 1  
  51  5:29  SCV  
  51  5:32  Marine x2  
  56  5:44  Barracks  
  56  5:46  SCV x2  
  56  5:47  Factory Reactor  
  57  5:53  Starport  
  57  5:57  Refinery, SCV  
  57  5:58  SCV  
  57  6:00  Marine  
  61  6:06  SCV  
  61  6:09  SCV  
  61  6:11  SCV  
  63  6:15  Barracks Tech Lab  
  63  6:18  SCV  
  64  6:22  Marine x2, SCV  
  64  6:23  SCV  
  65  6:30  SCV  
  65  6:31  Supply Depot, Barracks  
  65  6:33  Barracks  
  65  6:34  Factory Reactor  
  65  6:37  Marine x2  
  65  6:38  Combat Shield  
  65  6:39  Concussive Shells  
  67  6:40  Marine  
  67  6:41  SCV x2  
  67  6:42  SCV  
  67  6:44  Medivac  
  67  6:46  Medivac  
  75  6:51  Supply Depot  
  75  6:53  SCV  
  76  6:54  Refinery, SCV  
  77  7:01  Marine x2  
  77  7:05  SCV  
  81  7:09  Marauder x2  
  81  7:11  SCV x2  
  81  7:14  Ghost Academy  
  85  7:15  Widow Mine  
  85  7:21  Bunker  
  85  7:25  Medivac x2  
  89  7:31  Marauder x2  
  89  7:33  Barracks Tech Lab, Barracks Reactor  
  93  7:37  Marine x2  
  93  7:43  Supply Depot  
  95  7:47  Widow Mine x2  
  98  7:56  Marauder  
  100  8:02  Marauder  
  100  8:04  Marauder  
  99  8:07  Marine x2  
  99  8:11  Supply Depot  
  101  8:15  SCV  
  101  8:17  Marauder, Viking  
  71  8:20  Viking  
  106  8:23  SCV  
  109  8:28  Marauder  
  109  8:33  Marauder, SCV  
  112  8:34  Marine  
  112  8:36  Widow Mine x2  
  117  8:42  Marauder, SCV  
  117  8:45  SCV  
  107  8:54  SCV  
Tags
 
Add a new tag
Caveats
  • Supply blocks, unpowered buildings, or Contaminate may cause inaccurate times.
  • Supply counts are checked every 10 seconds.